 Dungeon Crawl Stone Soup version 0.28.0-45-g0d030f2227 (webtiles) character file.

Game seed: 15356206011157509393

116 protoss039 the Digger (level 4, -3/35 HPs)
             Began as a Demonspawn Earth Elementalist on May 15, 2022.
             Slain by a gnoll
             ... wielding a +0 club
              (7 damage)
             ... on level 2 of the Dungeon.
             The game lasted 00:03:05 (2541 turns).

protoss039 the Digger (DsEE)                        Turns: 2541, Time: 00:03:06

Health: -3/35      AC:  7    Str:  8    XL:     4   Next: 69%
Magic:  0/8        EV: 10    Int: 19    God:
Gold:   81         SH:  0    Dex: 13    Spells: 5/8 levels left

rFire   . . .      SeeInvis .   a - +4 short sword
rCold   . . .      Faith    .   (no shield)
rNeg    . . .      Spirit   .   f - +0 ring mail
rPois   +          Reflect  .   (no helmet)
rElec   .          Harm     .   (no cloak)
rCorr   .          Rampage  .   (no gloves)
Will    +....                   (no boots)
Stlth   +.........              (no amulet)
HPRegen 0.11/turn               h - ring of poison resistance
MPRegen 0.11/turn               g - ring of willpower

@: no status effects
A: slimy green scales 1, ignite blood 2
a: no special abilities


You were on level 2 of the Dungeon.
You visited 1 branch of the dungeon, and saw 2 of its levels.

You collected 81 gold pieces.

Inventory:

Hand Weapons
 a - a +4 short sword (weapon)
Missiles
 c - 40 stones
Armour
 b - a +0 robe
 f - a +0 ring mail (worn)
Jewellery
 g - a ring of willpower (right hand)
 h - a ring of poison resistance (left hand)
Wands
 i - a wand of iceblast (2)
Scrolls
 d - a scroll of identify {unknown}
 e - a scroll of immolation {unknown}
 k - a scroll of brand weapon {unknown}
Potions
 j - a potion of ambrosia


   Skills:
 * Level 3.0 Fighting
 - Level 1.7 Dodging
 - Level 1.7 Stealth
 + Level 2.8 Spellcasting
 - Level 1.0 Transmutations
 + Level 3.3 Earth Magic


You had 5 spell levels left.
You knew the following spells:

 Your Spells              Type           Power      Damage    Failure   Level
a - Sandblast             Erth           30%        2d9       12%         1
b - Passwall              Tmut/Erth      9%         N/A       30%         2

Your spell library contained the following spells:

 Spells                   Type           Power      Damage    Failure   Level
 Magic Dart               Conj           8%         1d3       43%         1
 Searing Ray              Conj           4%         2d4       58%         2
 Stone Arrow              Conj/Erth      18%        3d8       58%         3
 Petrify                  Tmut/Erth      11%        N/A       89%         4
 Fulminant Prism          Conj/Hex       1%         3d6       99%         4


Dungeon Overview and Level Annotations

Branches:
Dungeon (2/15)

Altars:


Innate Abilities, Weirdness & Mutations

You are partially covered in slimy green scales. (AC +2)
Your demonic aura often causes spilled blood to erupt in flames.


Message History

Confirm with . or Enter, or press ? or * to list all spells.
You don't have enough magic to cast this spell.
You barely miss Natasha.
Natasha stares at you and mumbles some strange words.
The magic dart hits you!
Unknown command.
Casting: Sandblast (safe; 13% risk of failure)
Confirm with . or Enter, or press ? or * to list all spells.
Aiming: Sandblast (safe; 13% risk of failure)
Press: ? - help, Shift-Dir - straight line, f - Natasha, p - gnoll
Aim: Natasha (74% to hit)
The blast of sand hits Natasha!
Natasha is severely wounded.
Natasha stares at you and mumbles some strange words.
The magic dart hits you.
Unknown command.
You hit Natasha.
Natasha is almost dead.
Natasha casts a spell at you. The magic dart hits you!
* * * LOW HITPOINT WARNING * * *
Unknown command.
Unknown command.
Unknown command.
You miss Natasha.
Natasha is almost dead.
Natasha claws you but does no damage. The gnoll completely misses you.
Unknown command.
Unknown command.
You puncture Natasha!
You kill Natasha!
Natasha yowls pathetically as she dies!
The gnoll closely misses you.
Your magical contamination has completely faded away.
Your Fighting skill increases to level 3!
Unknown command.
Unknown command.
Unknown command.
The gnoll hits you with a +0 club!
You die...

#### #.... ...# ##.... .#.# .....
.#.# .... .#.# ... .#.# #.######
.. ##.# .#.#.. #. ...# ...#.#
##################. #### ###.#.#
#.@)........h..†...
.....####g################.
#####......#.####### ##
####...................
..................###############
####........#.#.#.#.....#.......#
.[.....##.#...#...#.###.#....##.#
.......##.#.#.#####...#.†.....#.#
.......##.#.#.# ###.#.....†...#


You could see a gnoll.

Vanquished Creatures
  Natasha (twice) (D:2)
  2 gnolls (D:2)
  An adder (D:2)
  A worm (D:2)
  4 ball pythons
  3 endoplasms
  2 goblins (D:1)
  2 hobgoblins
  4 jackals (D:1)
  5 kobolds (D:1)
  2 quokkas (D:1)
  3 bats
  6 rats
  A spectral goblin (D:1)
38 creatures vanquished.

Notes
Turn   | Place    | Note
-------+----------+-------------------------------------------
     0 | D:1      | protoss039 the Demonspawn Earth Elementalist began the
                  | quest for the Orb.
     0 | D:1      | Reached XP level 1. HP: 13/13 MP: 3/3
    74 | D:1      | Reached skill level 1 in Transmutations
   608 | D:1      | Reached skill level 1 in Fighting
   617 | D:1      | Gained mutation: Your demonic aura sometimes causes spilled
                  | blood to erupt in flames. [demonic ancestry]
   617 | D:1      | Reached XP level 2. HP: 6/21 MP: 5/5
   902 | D:1      | Learned a level 2 spell: Passwall
  1348 | D:1      | Found a faded altar of an unknown god.
  1789 | D:2      | Gained mutation: Your demonic aura often causes spilled
                  | blood to erupt in flames. [demonic ancestry]
  1789 | D:2      | Reached XP level 3. HP: 21/27 MP: 6/6
  2311 | D:2      | Noticed Natasha
  2317 | D:2      | Killed Natasha
  2318 | D:2      | Gained mutation: You are partially covered in slimy green
                  | scales. (AC +2) [demonic ancestry]
  2318 | D:2      | Reached XP level 4. HP: 33/34 MP: 3/7
  2495 | D:2      | Noticed Natasha
  2506 | D:2      | HP: 1/34 [gnoll/+0 halberd (7)]
  2540 | D:2      | Killed Natasha
  2541 | D:2      | Slain by a gnoll

Illustrated notes

Levels and vault maps discovered:
D:1:      sevenhm_arrival_forest_fort_small_4, layout_loops_ring,
          dreamdust_ecumenical_altar_drowned_temple, minmay_split_cup_large
D:2:      layout_basic, uniq_natasha

Skill      XL: |  1  2  3  4 |
---------------+-------------+-----
Transmutations | 1 |  1.0
Fighting       | 1 2 3 |  3.0
Earth Magic    | 3 |  3.3
Dodging        | |  1.7
Stealth        | |  1.7
Spellcasting   | |  2.8

Action                   |  1- 3 |  4- 6 || total
-------------------------+-------+-------++-------
Melee: Short sword       |    71 |     9 ||    80
       Unarmed           |    10 |       ||    10
       Punch             |     2 |       ||     2
 Cast: Sandblast         |    13 |     9 ||    22
  Use: Potion            |       |     1 ||     1
 Stab: Sleeping          |     3 |       ||     3
Armor: Robe              |    15 |       ||    15
       Ring mail         |    10 |     5 ||    15
Dodge: Dodged            |    62 |     9 ||    71
